 Dungeon Crawl Stone Soup version 0.30-a0-381-g6ea064c7b4 (webtiles) character file.

Game seed: 7306201735434301538

125 epen the Gusty (level 5, -2/37 HPs)
             Began as a Gnoll Air Elementalist on Dec 1, 2022.
             Killed from afar by Sigmund (6 damage)
             ... with a magic dart
             ... on level 3 of the Dungeon.
             The game lasted 00:03:49 (1832 turns).

epen the Gusty (Gnoll Air Elementalist)             Turns: 1832, Time: 00:03:50

Health: -2/37      AC:  3    Str:  7    XL:     5   Next: 9%
Magic:  9/12       EV: 14    Int: 15    God:
Gold:   106        SH:  0    Dex: 14    Spells: 7/14 levels left

rFire   + . .      SeeInvis .      - Unarmed
rCold   + . .      Faith    .    (no shield)
rNeg    . . .      Spirit   .    a - +0 robe
rPois   +          Reflect  .    m - +0 helmet
rElec   +          Harm     .    (no cloak)
rCorr   +          Rampage  .    (no gloves)
Will    .....                    (no boots)
Stlth   +++.......               o - amulet of magic regeneration
HPRegen 0.26/turn                (no ring)
MPRegen 0.53/turn                (no ring)

@: resistant, flying
A: fangs 1, strong nose, distributed training
a: no special abilities


You were on level 3 of the Dungeon.
You visited 1 branch of the dungeon, and saw 3 of its levels.

You collected 106 gold pieces.

Inventory:

Armour
 a - a +0 robe (worn)
 m - a +0 helmet (worn)
Jewellery
 o - an amulet of magic regeneration (around neck)
Wands
 n - a wand of roots (5)
Scrolls
 c - 2 scrolls of butterflies {unknown}
 e - a scroll of poison {unknown}
 f - 2 scrolls of enchant weapon {unknown}
 h - a scroll of enchant armour {unknown}
 i - a scroll of brand weapon {unknown}
Potions
 j - a potion of curing
 k - a potion of attraction {unknown}
 l - 3 potions of heal wounds {unknown}
 p - a potion of magic


   Skills:
 + Level 1.4 Fighting
 + Level 1.4 Short Blades
 + Level 1.4 Long Blades
 + Level 1.4 Axes
 + Level 1.4 Maces & Flails
 + Level 1.4 Polearms
 + Level 1.4 Staves
 + Level 1.4 Ranged Weapons
 + Level 1.4 Throwing
 + Level 1.4 Armour
 + Level 4.7 Dodging
 + Level 4.3 Stealth
 + Level 1.4 Shields
 + Level 1.4 Unarmed Combat
 + Level 5.1 Spellcasting
 + Level 2.3 Conjurations
 + Level 1.1 Hexes
 + Level 1.1 Summonings
 + Level 1.1 Necromancy
 + Level 1.1 Translocations
 + Level 1.1 Transmutations
 + Level 1.1 Fire Magic
 + Level 1.1 Ice Magic
 + Level 5.5 Air Magic
 + Level 1.1 Earth Magic
 + Level 1.1 Poison Magic
 + Level 1.5 Invocations
 + Level 1.4 Evocations


You had 7 spell levels left.
You knew the following spells:

 Your Spells              Type           Power      Damage    Failure   Level
a - Shock                 Conj/Air       60%        1d6       3%          1
b - Static Discharge      Conj/Air       30%        2-4/arc   4%          2
c - Sting                 Tmut/Pois      28%        1d4       10%         1
d - Frozen Ramparts       Ice            14%        1d3       30%         3

Your spell library contained the following spells:

 Spells                   Type           Power      Damage    Failure   Level
 Swiftness                Air            20%        N/A       4%          3
 Poisonous Vapours        Pois/Air       26%        N/A       6%          2
 Foxfire                  Conj/Fire      36%        2x1d5     8%          1
 Freeze                   Ice            28%        1d5       10%         1
 Airstrike                Air            10%        2d(2-18)  16%         4
 Kindle Blastsparks       Fire/Tloc/Air  22%        2d11      17%         3
 Hailstorm                Conj/Ice       9%         3d4       24%         3
 Ignite Poison            Fire/Tmut/Pois 7%         N/A       30%         3
 Olgreb's Toxic Radiance  Pois           7%         N/A       69%         4
 Freezing Cloud           Conj/Ice/Air   6%         6-21      78%         5
 Iskenderun's Battlesphe  Conj           11%        2d7       86%         5
 Fireball                 Conj/Fire      4%         3d4       91%         5
 Conjure Ball Lightning   Conj/Air       7%         3x3d7     99%         6
 Starburst                Conj/Fire      4%         6d4       100%        6
 Orb of Destruction       Conj           5%         9d5       100%        7


Dungeon Overview and Level Annotations

Branches:
Dungeon (3/15)

Altars:
Makhleb
Nemelex Xobeh

Annotations:
D:3 Grinder, Sigmund


Innate Abilities, Weirdness & Mutations

You have very sharp teeth.
Your uncanny sense of smell can sniff out nearby items.
Your experience applies equally to all skills.


Message History

It was a potion of flight.
You feel very buoyant.
You fly up into the air.
It was a potion of curing.
You feel better. Something hits you!
Casting: Frozen Ramparts (quite dangerous; 30% risk of failure)
Confirm with . or Enter, or press ? or * to list all spells.
You can't see any susceptible monsters within range! (Use Z to cast anyway.)
Casting: Frozen Ramparts (quite dangerous; 30% risk of failure)
Confirm with . or Enter, or press ? or * to list all spells.
A blue arc grounds itself harmlessly.
Something hits you.
Casting: Static Discharge (safe; 4% risk of failure)
Confirm with . or Enter, or press ? or * to list all spells.
A blue arc grounds itself harmlessly.
Casting: Static Discharge (safe; 4% risk of failure)
Confirm with . or Enter, or press ? or * to list all spells.
The air crackles with electrical energy.
Something hits you!
You hear a zap.
The roots erupt in riotous growth!
The grasping roots grab you!
You are constricted.
You hear an angry hiss.
Casting: Static Discharge (safe; 4% risk of failure)
Confirm with . or Enter, or press ? or * to list all spells.
Some blue arcs ground themselves harmlessly.
Sigmund appears from thin air!
Reactivating autopickup.
The grasping roots constrict you.
The roots grasp on you weakens, but your attempt to escape fails.
Sigmund barely misses you. The grasping roots constrict you.
* * * LOW HITPOINT WARNING * * *
You escape the roots grasp.
Sigmund zaps a wand.
The roots erupt in riotous growth!
The grasping roots grab you! The grasping roots constrict you.
* * * LOW HITPOINT WARNING * * *
You escape the roots grasp.
Sigmund points at you and mumbles some strange words.
The magic dart hits you.
You die...

#.# #.# #.# #...# #.#
#...# #.##### #.#.# #.
#.#...###. #.#.#
#.##.#.......
##.#.#####....@<....#
#..#.......##.##.##.#
#....#####.#.#.#.##.#
#....# #.@###.....#
#.._.# #.## ##.##.#
###....# #..###..#
.......#####.#.#.#.......
###..#....{.....#######.#
#..#.#####S#### ∆


You could see Sigmund.

Vanquished Creatures
  Jessica (D:2)
  4 gnolls (D:3)
  An adder (D:2)
  3 dart slugs
  An orc (D:3)
  An endoplasm (D:1)
  3 giant cockroaches
  2 goblins (D:1)
  7 hobgoblins
  4 jackals (D:1)
  2 kobolds (D:1)
  A quokka (D:3)
  2 ball pythons (D:2)
  6 bats
  5 frilled lizards
  4 rats
47 creatures vanquished.

Notes
Turn   | Place    | Note
-------+----------+-------------------------------------------
     0 | D:1      | epen the Gnoll Air Elementalist began the quest for the
                  | Orb.
     0 | D:1      | Reached XP level 1. HP: 13/13 MP: 6/6
   204 | D:1      | Reached XP level 2. HP: 18/19 MP: 3/7
   255 | D:1      | Learned a level 2 spell: Static Discharge
   309 | D:1      | HP: 1/20 [/static electricity (1)]
   414 | D:1      | Learned a level 1 spell: Sting
   616 | D:1      | Reached skill level 5 in Spellcasting
   616 | D:1      | Reached XP level 3. HP: 25/25 MP: 4/9
  1136 | D:2      | Reached skill level 1 in Invocations
  1159 | D:2      | Noticed Jessica
  1162 | D:2      | Killed Jessica
  1163 | D:2      | Reached skill level 1 in Fighting
  1163 | D:2      | Reached skill level 1 in Short Blades
  1163 | D:2      | Reached skill level 1 in Long Blades
  1163 | D:2      | Reached skill level 1 in Axes
  1163 | D:2      | Reached skill level 1 in Maces & Flails
  1163 | D:2      | Reached skill level 1 in Polearms
  1163 | D:2      | Reached skill level 1 in Staves
  1163 | D:2      | Reached skill level 1 in Ranged Weapons
  1163 | D:2      | Reached skill level 1 in Throwing
  1163 | D:2      | Reached skill level 1 in Armour
  1163 | D:2      | Reached skill level 1 in Shields
  1163 | D:2      | Reached skill level 1 in Unarmed Combat
  1163 | D:2      | Reached skill level 1 in Evocations
  1163 | D:2      | Reached XP level 4. HP: 32/32 MP: 7/11
  1292 | D:2      | Learned a level 3 spell: Frozen Ramparts
  1399 | D:2      | Found a burning altar of Makhleb.
  1556 | D:2      | Reached skill level 1 in Hexes
  1556 | D:2      | Reached skill level 1 in Summonings
  1556 | D:2      | Reached skill level 1 in Necromancy
  1556 | D:2      | Reached skill level 1 in Translocations
  1556 | D:2      | Reached skill level 1 in Transmutations
  1556 | D:2      | Reached skill level 1 in Fire Magic
  1556 | D:2      | Reached skill level 1 in Ice Magic
  1556 | D:2      | Reached skill level 1 in Earth Magic
  1556 | D:2      | Reached skill level 1 in Poison Magic
  1708 | D:3      | Noticed Grinder
  1743 | D:3      | Found a sparkling altar of Nemelex Xobeh.
  1744 | D:3      | Reached XP level 5. HP: 24/37 MP: 4/12
  1799 | D:3      | Noticed Sigmund
  1832 | D:3      | Killed from afar by Sigmund

Illustrated notes

Levels and vault maps discovered:
D:1:      wander_arrival_peaceful_grave, layout_loops_cross,
          minmay_strange_pillars
D:2:      layout_rooms, basic_altar, item_on_display_a, uniq_jessica
D:3:      layout_loops_ring, lemuel_doored_altar, mainiacjoe_overflow_boulevard,
          hellmonk_ecumenical_altar_zigzags, uniq_sigmund, uniq_grinder

Skill      XL: |  1  2  3  4 |
---------------+-------------+-----
Conjurations   | 2 |  2.3
Spellcasting   | 5 |  5.1
Invocations    | 1 |  1.5
Fighting       | 1 |  1.4
Short Blades   | 1 |  1.4
Long Blades    | 1 |  1.4
Axes           | 1 |  1.4
Maces & Flails | 1 |  1.4
Polearms       | 1 |  1.4
Staves         | 1 |  1.4
Ranged Weapons | 1 |  1.4
Throwing       | 1 |  1.4
Armour         | 1 |  1.4
Shields        | 1 |  1.4
Unarmed Combat | 1 |  1.4
Evocations     | 1 |  1.4
Hexes          | 1 |  1.1
Summonings     | 1 |  1.1
Necromancy     | 1 |  1.1
Translocations | 1 |  1.1
Transmutations | 1 |  1.1
Fire Magic     | 1 |  1.1
Ice Magic      | 1 |  1.1
Earth Magic    | 1 |  1.1
Poison Magic   | 1 |  1.1
Dodging        | |  4.7
Stealth        | |  4.3
Air Magic      | |  5.5

Action                   |  1- 3 |  4- 6 || total
-------------------------+-------+-------++-------
Melee: Unarmed           |    23 |       ||    23
       Bite              |     2 |       ||     2
 Cast: Shock             |    42 |    39 ||    81
       Static Discharge  |     4 |     7 ||    11
       Sting             |     1 |     4 ||     5
  Use: Potion            |     1 |     3 ||     4
       Scroll            |       |     1 ||     1
 Stab: Sleeping          |     1 |       ||     1
Armor: Robe              |     7 |     1 ||     8
Dodge: Dodged            |    36 |     7 ||    43

Table legend: (Time is in decaauts)
 A = Elapsed time spent in this place.
 B = Non-inter-level travel time spent in this place.
 C = Inter-level travel time spent in this place.
 D = Time resting spent in this place.
 E = Time spent auto-exploring this place.
 F = Levels seen in this place.
 G = Mean time per level.
                   A        B        C        D        E       F      G
               +--------+--------+--------+--------+--------+-----+--------+
         Total |   1831 |   1798 |     33 |    103 |   1391 |   3 |  610.3 |
       Dungeon |   1831 |   1798 |     33 |    103 |   1391 |   3 |  610.3 |
               +--------+--------+--------+--------+--------+-----+--------+

Top non-repeatable levels by time:
     D:1: 1044 daAuts
     D:2: 638 daAuts
     D:3: 148 daAuts
